 Dungeon Crawl Stone Soup version 0.29.0-3-gbb0933ed62 (webtiles) character file.

Game seed: 10564768967532433546

258 CalmDownMonkey the Covert (level 5, 0/24 HPs)
             Began as a Spriggan Enchanter on Aug 25, 2022.
             Slain by a bullfrog (8 damage)
             ... in a sewer.
             The game lasted 00:21:31 (4796 turns).

CalmDownMonkey the Covert (Spriggan Enchanter)      Turns: 4796, Time: 00:21:38

Health: 0/24       AC:  3    Str:  4    XL:     5   Next: 94%
Magic:  10/10      EV: 14    Int: 16    God:
Gold:   144        SH:  0    Dex: 18    Spells: 1/9 levels left

rFire   . . .      SeeInvis +   g - +2 dagger (speed)
rCold   . . .      Faith    .   (no shield)
rNeg    . . .      Spirit   .   b - +0 robe
rPois   .          Reflect  .   (helmet restricted)
rElec   .          Harm     .   o - +0 cloak
rCorr   .          Rampage  .   (gloves unavailable)
Will    .....                   (boots unavailable)
Stlth   +++.......              (no amulet)
HPRegen 0.08/turn               (no ring)
MPRegen 0.12/turn               (no ring)

@: lethally poisoned (0 -> -5), constricted, invisible, slow
A: very small, no large weapons, unfitting armour, see invisible, speed 3
a: no special abilities


You were in a sewer.
You visited 2 branches of the dungeon, and saw 6 of its levels.
You also visited: Sewer.

You collected 144 gold pieces.

Inventory:

Hand Weapons
 a - a +0 falchion
 g - a +2 dagger of speed (weapon)
 j - a +0 sling
Missiles
 f - 11 poisoned darts (quivered)
Armour
 b - a +0 robe (worn)
 o - a +0 cloak (worn)
Scrolls
 h - a scroll of vulnerability
 q - a scroll of fog
 s - a scroll of brand weapon {unknown}
Potions
 c - 2 potions of invisibility
 d - 3 potions of heal wounds
 e - a potion of degeneration {unknown}
 i - 3 potions of haste
 k - a potion of mutation {unknown}
 l - 2 potions of lignification {unknown}
 m - a potion of ambrosia {unknown}
 n - 2 potions of flight {unknown}
 p - a potion of berserk rage {unknown}
 r - 4 potions of curing {unknown}


   Skills:
 + Level 1.2 Short Blades
 - Level 2.6 Dodging
 + Level 10.0 Stealth
 + Level 2.8 Spellcasting
 + Level 3.7 Hexes
 + Level 0.3 Ice Magic


You had one spell level left.
You knew the following spells:

 Your Spells              Type           Power      Damage    Failure   Level
a - Confusing Touch       Hex            14%        N/A       12%         3
b - Tukima's Dance        Hex            14%        N/A       12%         3
c - Ensorcelled Hibernat  Hex/Ice        16%        N/A       13%         2

Your spell library contained the following spells:

 Spells                   Type           Power      Damage    Failure   Level
 Dazzling Flash           Conj/Hex       16%        N/A       26%         3
 Sublimation of Blood     Necr           2%         N/A       28%         2
 Petrify                  Tmut/Erth      2%         N/A       88%         4
 Summon Lightning Spire   Summ/Air       2%         N/A       88%         4
 Irradiate                Conj/Tmut      1%         3d12      99%         5
 Storm Form               Tmut/Air       1%         N/A       100%        7
 Maxwell's Capacitive Co  Air            1%         ∞         100%        8


Dungeon Overview and Level Annotations

Branches:
Dungeon (5/15)             Temple (1/1) D:5           Sewer (1/1)

Altars:
Ashenzari
Elyvilon
Fedhas
Gozag
Hepliaklqana
Kikubaaqudgha
Makhleb
Ru
Sif Muna
Trog
Uskayaw
Wu Jian
Yredelemnul
Zin
The Shining One

Shops:
D:1 ?:=((


Innate Abilities, Weirdness & Mutations

You are very small and have problems with some larger weapons.
You are too small for most types of armour.
You have supernaturally acute eyesight. (SInv)
You cover ground extremely quickly. (Speed+++)


Message History

The adder looks more healthy.
A bullfrog comes into view.
The adder misses you. The adder closely misses you.
You closely miss the adder.
The adder is almost dead.
The bullfrog hits you.
The bullfrog croaks.
You hit the adder.
You kill the adder!
The adder misses you. The bullfrog hits you!
You enter the shallow water.
Moving in this stuff is going to be slow.
The ball python attacks as you move away!
The ball python barely misses you. The ball python completely misses you.
The bullfrog barely misses you. The adder barely misses you.
The ball python closely misses you. The ball python grabs you.
The ball python constricts you.
You escape the ball python's grasp.
The adder attacks as you move away! The adder bites you but does no damage.
The bullfrog swells and bulges.
The adder barely misses you. The bullfrog barely misses you. x2
The adder attacks as you move away! The adder barely misses you.
The bullfrog misses you. The bullfrog hits you.
The bullfrog closely misses you.
Okay, then.
What are your orders? t - Shout!
Orders for allies: a - Attack new target. r - Retreat! s - Stop attacking. g - Guard the area. f - Follow me.
Anything else - Cancel.
Okay, then.
Okay, then.
You fade into invisibility!
The bullfrog barely misses you. The bullfrog completely misses you.
The ball python misses you. The ball python grabs you.
The ball python constricts you. The adder bites you.
You are poisoned.
The adder poisons you! The bullfrog hits you!
You die...

#...##### #....'..#
#....#..# ##...####
#...†##################
#....††~≈≈≈≈≈≈≈≈≈≈≈≈~~#(
##....~≈~≈~~≈≈≈≈≈~≈≈≈~~.
#....~~~~SFl~≈≈≈≈~~~≈J.
#††..~~~~@SS≈≈≈≈~~≈~~~.
##...~≈≈~~F#~..†≈≈≈≈(~.
###..≈≈≈≈≈~≈~≈≈≈≈≈≈~..
####################


You could see 2 bullfrogs, an adder, 2 ball pythons and a frilled lizard.

Vanquished Creatures
  An iguana (D:4)
  4 river rats (Sewer)
  13 adders
  2 worms
  An orc (D:4)
  7 endoplasms
  2 goblins
  2 hobgoblins
  6 quokkas
  12 ball pythons
  5 bats
  4 frilled lizards
  5 kobolds
  29 rats
93 creatures vanquished.

Notes
Turn   | Place    | Note
-------+----------+-------------------------------------------
     0 | D:1      | CalmDownMonkey the Spriggan Enchanter began the quest for
                  | the Orb.
     0 | D:1      | Reached XP level 1. HP: 9/9 MP: 5/5
   343 | D:1      | Found Loaqurgh's Book Emporium.
   412 | D:1      | Found a faded altar of an unknown god.
   463 | D:1      | Found Boiffoum's Jewellery Boutique.
   483 | D:1      | Reached skill level 5 in Stealth
   675 | D:1      | Found Jiocweit's Magic Scroll Shop.
   855 | D:1      | Reached XP level 2. HP: 13/13 MP: 6/6
  1377 | D:1      | Found Oqiromo's Antique Weapon Emporium.
  1382 | D:1      | Found Duvacwe's Antique Weapon Boutique.
  1760 | D:2      | Reached skill level 6 in Stealth
  1905 | D:2      | Reached XP level 3. HP: 16/16 MP: 8/8
  2581 | D:3      | Learned a level 3 spell: Confusing Touch
  2585 | D:3      | Learned a level 3 spell: Tukima's Dance
  2614 | D:3      | Reached skill level 7 in Stealth
  3015 | D:3      | Reached XP level 4. HP: 16/21 MP: 9/9
  3269 | D:3      | Reached skill level 8 in Stealth
  3347 | D:3      | Learned a level 2 spell: Ensorcelled Hibernation
  3790 | D:4      | Noticed a scorpion
  3864 | D:4      | Reached XP level 5. HP: 24/24 MP: 10/10
  3878 | D:5      | Entered Level 5 of the Dungeon
  3890 | D:5      | Found a staircase to the Ecumenical Temple.
  3899 | Temple   | Entered the Ecumenical Temple
  3985 | D:5      | Reached skill level 9 in Stealth
  4110 | D:5      | Found a glowing drain.
  4119 | Sewer    | Entered a sewer
  4639 | Sewer    | Reached skill level 10 in Stealth
  4796 | Sewer    | Slain by a bullfrog

Illustrated notes

Levels and vault maps discovered:
D:1:      saegor_arrival_under_anarchy, layout_loops_corners,
          hellmonk_ecumenical_altar_inner_sanctum, serial_shops, shop, shop,
          shop, shop, nicolae_shop_behind_doors
D:2:      layout_loops_corners
D:3:      layout_loops_cross
D:4:      layout_loops_ring
D:5:      layout_cave_pods, minmay_temple_entry_junction, serial_shops,
          nicolae_shop_behind_doors, cheibrodos_sewer_entry_bend,
          kennysheep_flooded_box
Temple:   nicolae_temple_superstar
Sewer:    sewer_minmay_w

Skill      XL: |  1  2  3  4  5 |
---------------+----------------+-----
Stealth        | 5 6 7 8 10 | 10.0
Short Blades   | |  1.2
Dodging        | |  2.6
Spellcasting   | |  2.8
Hexes          | |  3.7
Ice Magic      | |  0.3

Action                   |  1- 3 |  4- 6 || total
-------------------------+-------+-------++-------
Melee: Dagger            |   113 |   164 ||   277
       Punch             |     1 |     2 ||     3
Throw: Dart              |       |    14 ||    14
  Use: Potion            |     1 |     3 ||     4
       Scroll            |       |     6 ||     6
 Stab: Sleeping          |    19 |    13 ||    32
       Invisible         |     1 |       ||     1
Armor: Robe              |    13 |    18 ||    31
Dodge: Dodged            |    80 |   106 ||   186
